[Event "Titled Tuesday Blitz March 22 Early 2022"]
[White "Deac, Bogdan-Daniel"]
[Black "Kosteniuk, Alexandra"]
[WhiteFideId "1226380"]
[BlackFideId "4128125"]
[WhiteElo "2646"]
[BlackElo "2469"]
[Result "1-0"]
[Round "07"]
[TimeControl "180+1"]
[Date "2022.03.22"]
[WhiteClock "0:00:01"]
[BlackClock "0:00:10"]

1. d4 Nf6 2. c4 e6 3. Nf3 d5 4. g3 dxc4 5. Bg2 Nc6 6. O-O Rb8 7. Be3 Be7 8. Qc1 Nd5 9. Qxc4 Nxe3 10. fxe3 O-O 11. Nc3 Nb4 12. Rac1 c6 13. e4 b5 14. Qb3 c5 15. d5 c4 16. Qd1 exd5 17. exd5 Qb6+ 18. Kh1 Bb7 19. a3 Na6 20. Nd4 b4 21. axb4 Nxb4 22. Nf5 Bf6 23. Qd2 Rfd8 24. d6 Bxg2+ 25. Kxg2 Qb7+ 26. Rf3 Nc6 27. Nd5 Bxb2 28. Rxc4 Ne5 29. Rc7 Nxf3 30. exf3 Qa6 31. Nde7+ Kf8 32. Nc6 Bf6 33. Nxb8 Rxb8 34. d7 Qe6 35. Qb4+ 1-0


[Site "https://www.chess.com"]

[Event "Titled Tuesday Blitz March 22 Early 2022"]
[White "Dev, Shah"]
[Black "Kotepalli, Sai Nirupama"]
[WhiteFideId "35019058"]
[BlackFideId "5039444"]
[WhiteElo "2075"]
[BlackElo "2379"]
[Result "0-1"]
[Round "07"]
[TimeControl "180+1"]
[Date "2022.03.22"]
[WhiteClock "0:00:03"]
[BlackClock "0:00:09"]

1. d4 g6 2. Nf3 Bg7 3. g3 e6 4. Bg2 Ne7 5. O-O d5 6. c4 O-O 7. Nc3 Nf5 8. cxd5 exd5 9. Bf4 c6 10. Ne5 Qb6 11. e3 Qxb2 12. Na4 Qa3 13. Nc5 b6 14. Ncd3 g5 15. Bxg5 f6 16. e4 dxe4 17. Bc1 Qe7 18. Bxe4 fxe5 19. dxe5 Bxe5 20. Nxe5 Qxe5 21. Qg4+ Ng7 22. Qh4 Bf5 23. Bxf5 Nxf5 24. Qg4+ Qg7 25. Qc4+ Qf7 26. Qg4+ Qg6 27. Qc4+ Rf7 28. Bb2 Nd7 29. Rfe1 Ng7 30. Re7 Nc5 31. Rae1 Rf8 32. h4 Nd3 33. Rxf7 Rxf7 34. Rd1 Nxb2 35. Rd8+ Ne8 36. Rxe8+ Kg7 37. Qd4+ Qf6 38. Qg4+ Qg6 39. Qd4+ Rf6 40. Qxb2 Qxe8 0-1


[Site "https://www.chess.com"]

[Event "Titled Tuesday Blitz March 22 Early 2022"]
[White "Donchenko, Alexander"]
[Black "Kollars, Dmitrij"]
[WhiteFideId "24603295"]
[BlackFideId "12909572"]
[WhiteElo "2539"]
[BlackElo "2584"]
[Result "0-1"]
[Round "07"]
[TimeControl "180+1"]
[Date "2022.03.22"]
[WhiteClock "0:00:53"]
[BlackClock "0:01:35"]

1. Nf3 d5 2. g3 Nc6 3. d4 Bf5 4. Bg2 e6 5. O-O Nb4 6. Ne1 h5 7. h4 Nf6 8. Bg5 Be7 9. Nd2 Ng4 10. e4 dxe4 11. Nxe4 Bxe4 12. Bxe7 Qxe7 13. Bxe4 O-O-O 14. c3 Nd5 15. Nd3 g5 16. hxg5 Qxg5 17. Qc1 Qg7 18. Bxd5 Rxd5 19. Kg2 h4 20. Rh1 hxg3 21. Rxh8+ Qxh8 22. Qh1 Rh5 23. Qd1 Rh2+ 24. Kxg3 Nxf2 25. Qa4 Qh3+ 26. Kf4 Nxd3+ 27. Kg5 Qf5# 0-1


[Site "https://www.chess.com"]

[Event "Titled Tuesday Blitz March 22 Early 2022"]
[White "Dreev, Aleksey"]
[Black "Smirnov, Pavel"]
[WhiteFideId "4100107"]
[BlackFideId "4123425"]
[WhiteElo "2625"]
[BlackElo "2545"]
[Result "0-1"]
[Round "07"]
[TimeControl "180+1"]
[Date "2022.03.22"]
[WhiteClock "0:00:26"]
[BlackClock "0:00:47"]

1. d4 d5 2. c4 e6 3. Nc3 c6 4. e4 dxe4 5. Nxe4 Bb4+ 6. Nc3 e5 7. a3 Bxc3+ 8. bxc3 Qa5 9. Bd2 Nf6 10. Nf3 Nbd7 11. Be2 O-O 12. O-O Ne4 13. Re1 Nxc3 14. Bf1 Nxd1 15. Bxa5 Nb2 16. Bb4 Re8 17. a4 Nb6 18. Nxe5 Be6 19. a5 N6xc4 20. a6 Nxe5 21. axb7 Rab8 22. dxe5 Rxb7 23. Bc5 Bc4 24. Rab1 Bxf1 25. Kxf1 Rb5 26. Bxa7 Nc4 27. Bd4 Nd2+ 0-1


[Site "https://www.chess.com"]

[Event "Titled Tuesday Blitz March 22 Early 2022"]
[White "Dwilewicz, Katarzyna"]
[Black "Sarkar, Justin"]
[WhiteFideId "1148486"]
[BlackFideId "2010011"]
[WhiteElo "1907"]
[BlackElo "2038"]
[Result "1-0"]
[Round "07"]
[TimeControl "180+1"]
[Date "2022.03.22"]
[WhiteClock "0:01:49"]
[BlackClock "0:00:01"]

1. e4 e5 2. Nf3 Nc6 3. Bc4 Nf6 4. d3 Bc5 5. O-O O-O 6. c3 a5 7. a4 h6 8. Nbd2 d6 9. h3 Ba7 10. Re1 Ne7 11. Nh4 c6 12. Qf3 d5 13. Ba2 Ng6 14. Nf5 Nf4 15. Nf1 dxe4 16. dxe4 Bxf5 17. exf5 Nd3 18. Re2 e4 19. Qg3 Bb6 20. Bxh6 Nh5 21. Qg6 1-0


[Site "https://www.chess.com"]

[Event "Titled Tuesday Blitz March 22 Early 2022"]
[White "Estrada Nieto, Julian"]
[Black "Murzin, Volodar"]
[WhiteFideId "5101018"]
[BlackFideId "44155573"]
[WhiteElo "2246"]
[BlackElo "2585"]
[Result "0-1"]
[Round "07"]
[TimeControl "180+1"]
[Date "2022.03.22"]
[WhiteClock "0:00:49"]
[BlackClock "0:01:24"]

1. e4 c6 2. d4 d5 3. exd5 cxd5 4. Bd3 Nc6 5. c3 g6 6. Nf3 Bf5 7. O-O Nf6 8. Re1 Bg7 9. Bg5 O-O 10. Bxf6 Bxf6 11. Bxf5 gxf5 12. Nbd2 e6 13. Nf1 Kh8 14. Ng3 Rg8 15. Nh5 Be7 16. Ne5 Nxe5 17. dxe5 Rg4 18. Re3 Qb6 19. Rh3 Rag8 20. g3 Qc7 21. f4 Qb6+ 22. Kh1 d4 23. cxd4 Rd8 24. Rc1 Rxd4 25. Rc8+ Rg8 26. Rxg8+ Kxg8 27. Qc2 Bc5 28. Nf6+ Kf8 29. Qa4 Rxa4 0-1


[Site "https://www.chess.com"]

[Event "Titled Tuesday Blitz March 22 Early 2022"]
[White "Fathy, Elameir"]
[Black "Sanchez Alvares, Kelvin Antonio"]
[WhiteFideId "10600396"]
[BlackFideId "3906680"]
[WhiteElo "2311"]
[BlackElo "2193"]
[Result "0-1"]
[Round "07"]
[TimeControl "180+1"]
[Date "2022.03.22"]
[WhiteClock "0:00:04"]
[BlackClock "0:00:19"]

1. d4 d5 2. Nf3 Nf6 3. c4 c6 4. g3 Nbd7 5. Bg2 dxc4 6. O-O e6 7. a4 a5 8. Qc2 b5 9. Nbd2 Ba6 10. b3 cxb3 11. Nxb3 bxa4 12. Rxa4 Bb5 13. Ra1 a4 14. Nc5 Nxc5 15. dxc5 Be7 16. Rd1 Qc8 17. Nd4 Rb8 18. Rb1 Nd7 19. Nxb5 Rxb5 20. Rxb5 cxb5 21. c6 Nc5 22. Ba3 Nb3 23. Bxe7 Kxe7 24. Rd7+ Kf6 25. Qc3+ Kg6 26. Be4+ Kh6 27. h4 f6 28. Qe3+ g5 29. hxg5+ fxg5 30. Qc3 Qf8 31. c7 Nc5 32. Rd8 Qf7 33. Rxh8 Nxe4 34. Qe5 Qxf2+ 35. Kh1 Qf1+ 36. Kh2 Qxe2+ 37. Kh1 Nf2+ 38. Kg2 Qxe5 39. c8=Q Ne4 40. Qf8+ Qg7 41. Qd8 Qb2+ 42. Kg1 Qf2+ 43. Kh1 Nxg3# 0-1


[Site "https://www.chess.com"]

[Event "Titled Tuesday Blitz March 22 Early 2022"]
[White "Fiol, Fabrice"]
[Black "Zemerov, Vladimir"]
[WhiteFideId "611670"]
[BlackFideId "4111583"]
[WhiteElo "2473"]
[BlackElo "2277"]
[Result "0-1"]
[Round "07"]
[TimeControl "180+1"]
[Date "2022.03.22"]
[WhiteClock "0:00:08"]
[BlackClock "0:00:49"]

1. e4 e5 2. Nf3 Nc6 3. Bc4 Nf6 4. d3 h6 5. c3 Be7 6. Bb3 d6 7. Nbd2 Be6 8. Nf1 Qd7 9. Ng3 g5 10. Bxe6 fxe6 11. Qb3 O-O-O 12. Bd2 g4 13. Ng1 h5 14. O-O-O h4 15. N3e2 Rdf8 16. f3 h3 17. gxh3 gxh3 18. Ng3 Kb8 19. N1e2 Nh5 20. Nxh5 Rxh5 21. Ng3 Rh4 22. Rdf1 d5 23. Rhg1 a6 24. Ne2 Bc5 25. Rg3 dxe4 26. dxe4 Qd3 27. Qd1 Rd8 28. f4 Qxe4 29. Qe1 Qc4 30. Kb1 e4 31. f5 e3 32. Bc1 Qd3+ 33. Ka1 exf5 34. Rgf3 Ra4 35. Rxf5 Qc4 36. a3 Na5 37. R1f4 Nb3+ 38. Kb1 Qd3+ 39. Ka2 Rxf4 40. Rxf4 Nd2 41. Rf3 Qb1# 0-1


[Site "https://www.chess.com"]

[Event "Titled Tuesday Blitz March 22 Early 2022"]
[White "Fiorito, Fabian"]
[Black "Daneshvar, Bardiya"]
[WhiteFideId "100200"]
[BlackFideId "12576468"]
[WhiteElo "2395"]
[BlackElo "2295"]
[Result "0-1"]
[Round "07"]
[TimeControl "180+1"]
[Date "2022.03.22"]
[WhiteClock "0:00:35"]
[BlackClock "0:00:55"]

1. e4 e6 2. d4 d5 3. Nd2 Be7 4. Ngf3 Nf6 5. e5 Nfd7 6. Bd3 c5 7. c3 Nc6 8. O-O a5 9. Qe2 cxd4 10. cxd4 Qb6 11. a3 Nxd4 12. Nxd4 Qxd4 13. Nf3 Qb6 14. Rb1 Nc5 15. Be3 Qb3 16. Bb5+ Bd7 17. Bxd7+ Nxd7 18. Nd2 Qa4 19. b3 Qxa3 20. Rfc1 O-O 21. Rc7 Rad8 22. Bd4 Qb4 23. Qd3 Nc5 24. Qe3 Na6 25. Bc3 d4 26. Bxb4 dxe3 27. Bxe7 exd2 0-1


[Site "https://www.chess.com"]

[Event "Titled Tuesday Blitz March 22 Early 2022"]
[White "Gaehwiler, Gabriel"]
[Black "Aravindh, Chithambaram VR."]
[WhiteFideId "1314530"]
[BlackFideId "5072786"]
[WhiteElo "2383"]
[BlackElo "2561"]
[Result "0-1"]
[Round "07"]
[TimeControl "180+1"]
[Date "2022.03.22"]
[WhiteClock "0:00:16"]
[BlackClock "0:01:57"]

1. d4 g6 2. Nf3 Bg7 3. g3 d6 4. Bg2 Nd7 5. O-O Ngf6 6. b3 h5 7. Bb2 a5 8. Nbd2 a4 9. e4 a3 10. Bc3 c5 11. e5 Nd5 12. e6 Nxc3 13. Qe1 fxe6 14. Ng5 Nf6 15. Ndf3 Ncd5 16. dxc5 Qa5 17. c4 Qxe1 18. Raxe1 Nb4 19. cxd6 exd6 20. Nxe6 Bxe6 21. Ng5 O-O 22. Nxe6 Rfe8 23. Bxb7 Ra7 24. Bg2 Rae7 25. Nxg7 Kxg7 0-1


[Site "https://www.chess.com"]

[Event "Titled Tuesday Blitz March 22 Early 2022"]
[White "Garagulya, Konstantin"]
[Black "Artemenko, Oleg"]
[WhiteFideId "4128931"]
[BlackFideId "14201798"]
[WhiteElo "2329"]
[BlackElo "2287"]
[Result "0-1"]
[Round "07"]
[TimeControl "180+1"]
[Date "2022.03.22"]
[WhiteClock "0:00:07"]
[BlackClock "0:00:59"]

1. d4 Nf6 2. Nf3 e6 3. Bg5 c5 4. Nbd2 Nc6 5. e3 d5 6. c3 Bd6 7. dxc5 Bxc5 8. Bd3 O-O 9. O-O h6 10. Bh4 Be7 11. Qe2 e5 12. e4 dxe4 13. Nxe4 Nd5 14. Bxe7 Qxe7 15. Bc4 Nf4 16. Qc2 Bf5 17. Rfe1 Rad8 18. Rad1 Rxd1 19. Qxd1 Rd8 20. Qb3 Na5 21. Qa4 Nxc4 22. Qxc4 Nd3 23. Re2 Nxb2 24. Qb5 Nd1 25. Qb3 Qc7 26. c4 b5 27. cxb5 Qc1 28. Ne1 Bxe4 29. Rxe4 Nc3 30. Rxe5 Rd1 31. Kf1 Qd2 32. Re8+ Kh7 33. Qxf7 Qd3+ 34. Kg1 Ne2+ 35. Rxe2 Qxe2 36. Qf5+ Kg8 37. Qc8+ Kf7 38. Qf5+ Ke7 39. Qc5+ Rd6 40. Qc7+ Ke8 41. Qc1 Rd1 42. Qc8+ Ke7 43. Qc7+ Rd7 44. Qc5+ Kf7 45. Qb4 Qd2 46. Qc4+ Kf8 47. Kf1 Re7 48. Qc8+ Kf7 49. Qc4+ Re6 50. Qc7+ Kf6 51. Qd8+ Qxd8 0-1


[Site "https://www.chess.com"]

[Event "Titled Tuesday Blitz March 22 Early 2022"]
[White "Garv Gaur"]
[Black "Lauridsen, Jesper Morch"]
[WhiteFideId "45030839"]
[BlackFideId "1401890"]
[WhiteElo "1950"]
[BlackElo "2238"]
[Result "1-0"]
[Round "07"]
[TimeControl "180+1"]
[Date "2022.03.22"]
[WhiteClock "0:00:09"]
[BlackClock "0:00:02"]

1. d4 Nf6 2. Nf3 c5 3. c4 e6 4. g3 d5 5. cxd5 exd5 6. Bg2 Nc6 7. O-O cxd4 8. Nxd4 Bc5 9. Nb3 Bb6 10. Bg5 h6 11. Bxf6 Qxf6 12. Nc3 Be6 13. Nxd5 Bxd5 14. Qxd5 O-O 15. a4 Rad8 16. Qf3 Qxb2 17. a5 Nd4 18. Nxd4 Bxd4 19. Rab1 Qc3 20. Qxb7 Qxa5 21. Rfd1 Qf5 22. e3 Bb6 23. Bd5 Rb8 24. Qe7 Bxe3 25. Bxf7+ Kh8 26. fxe3 Qf3 27. Qd6 Qxe3+ 28. Kg2 Qe2+ 29. Kh3 Qh5+ 30. Bxh5 1-0


[Site "https://www.chess.com"]

[Event "Titled Tuesday Blitz March 22 Early 2022"]
[White "Golsta, Madara"]
[Black "Vine, Elzbieta"]
[WhiteFideId "11607386"]
[BlackFideId "1119320"]
[WhiteElo "1997"]
[BlackElo "1826"]
[Result "1-0"]
[Round "07"]
[TimeControl "180+1"]
[Date "2022.03.22"]
[WhiteClock "0:01:16"]
[BlackClock "0:01:19"]

1. e4 c5 2. Nf3 a6 3. Nc3 d6 4. d4 cxd4 5. Nxd4 Nf6 6. Bd3 Nbd7 7. Be3 e6 8. f3 Be7 9. Qd2 b5 10. O-O-O Nc5 11. Nc6 Qc7 12. Nxe7 Kxe7 13. Kb1 Nxd3 14. Qxd3 Bb7 15. Bf4 Rhd8 16. g4 b4 17. Ne2 Rac8 18. Nd4 d5 19. Bxc7 1-0


[Site "https://www.chess.com"]

[Event "Titled Tuesday Blitz March 22 Early 2022"]
[White "Grandelius, Nils"]
[Black "Babazada, Khazar"]
[WhiteFideId "1710400"]
[BlackFideId "13413554"]
[WhiteElo "2617"]
[BlackElo "2418"]
[Result "1/2-1/2"]
[Round "07"]
[TimeControl "180+1"]
[Date "2022.03.22"]
[WhiteClock "0:00:09"]
[BlackClock "0:00:08"]

1. c4 g6 2. g3 Bg7 3. Bg2 Nf6 4. Nc3 O-O 5. Nf3 c5 6. O-O Nc6 7. d4 d6 8. b3 Bd7 9. Bb2 Qc8 10. Rc1 Bh3 11. Nd5 Bxg2 12. Kxg2 Qf5 13. Ne3 Qh5 14. d5 Nb8 15. h3 Qh6 16. Rc2 Bh8 17. Qa1 Nbd7 18. Rh1 Rfe8 19. h4 e6 20. h5 Qf8 21. hxg6 fxg6 22. Ng5 exd5 23. Nxd5 h6 24. Nf3 Bg7 25. Nc7 Qf7 26. Nxa8 Rxa8 27. Rd1 Bf8 28. Qc1 Re8 29. Rcd2 Ne4 30. Rd3 g5 31. Rf1 Re6 32. Re3 Qe8 33. Nd2 Nef6 34. Rxe6 Qxe6 35. Qd1 Bg7 36. Nf3 g4 37. Nh4 d5 38. cxd5 Nxd5 39. Bxg7 Kxg7 40. Qd3 N7f6 41. Re1 Ne4 42. Rd1 Nec3 43. Rd2 Qe5 44. e4 Nf6 45. Nf5+ Kg6 46. Nh4+ Kg5 47. Qe3+ Kh5 48. Rd8 Qxe4+ 49. Qxe4 Ncxe4 50. Rb8 Nd6 51. Rd8 Nfe8 52. Rd7 Kg5 53. Kf1 Kf6 54. Ke2 Ke6 55. Rh7 Nf7 56. Ng6 Kf6 57. Nf4 Ned6 58. Kd3 Nf5 59. Kc3 b6 60. Kc4 N5d6+ 61. Kd5 Ne4 62. Kxe4 Ng5+ 63. Kd5 Nxh7 64. Kc6 Kg5 65. Kb7 h5 66. Ng2 h4 67. Nxh4 Nf6 68. Kxa7 b5 69. Kb6 c4 70. Ng2 c3 71. Ne1 b4 72. Kb5 Ne4 73. Kxb4 Nxf2 74. Kxc3 Ne4+ 75. Kd4 Nxg3 76. a4 Nf5+ 77. Ke4 g3 78. a5 Nd6+ 79. Kd5 Nb5 80. Kc5 Nc7 81. Kb6 Nd5+ 82. Kc6 Nb4+ 83. Kb5 Nd5 84. a6 Nc7+ 85. Kb6 Nxa6 86. Kxa6 Kf4 87. b4 Ke3 88. Ng2+ Kf3 89. Nh4+ Kg4 90. Ng2 Kf3 91. Nh4+ Kg4 92. Ng2 Kf3 1/2-1/2


[Site "https://www.chess.com"]

[Event "Titled Tuesday Blitz March 22 Early 2022"]
[White "Gubanov, Oleg"]
[Black "Kouskoutis, Georgios-Alexandros"]
[WhiteFideId "14115115"]
[BlackFideId "4234049"]
[WhiteElo "2080"]
[BlackElo "2130"]
[Result "0-1"]
[Round "07"]
[TimeControl "180+1"]
[Date "2022.03.22"]
[WhiteClock "0:00:01"]
[BlackClock "0:00:02"]

1. e4 c5 2. Nf3 e6 3. c3 Nf6 4. e5 Nd5 5. Bc4 Nb6 6. Bb3 c4 7. Bc2 Nc6 8. b3 d5 9. O-O g5 10. Re1 g4 11. Nd4 Nxd4 12. cxd4 h5 13. Ba3 Bd7 14. Bxf8 Kxf8 15. Nc3 Qg5 16. Rb1 cxb3 17. Rxb3 Bc6 18. Bd3 Kg7 19. Nb5 Bxb5 20. Rxb5 Qf4 21. Rb4 h4 22. Re3 Rag8 23. a4 Kf8 24. a5 g3 25. Rf3 gxh2+ 26. Kh1 Qg4 27. Rxf7+ Kxf7 28. Qxg4 Rxg4 29. axb6 a6 30. Kxh2 Rc8 31. Kh3 Rf4 32. f3 Ke7 33. Rb1 Rxd4 34. Rb3 a5 35. Bg6 Rb4 36. Ra3 Ra8 37. g3 hxg3 38. Kxg3 a4 0-1


[Site "https://www.chess.com"]

[Event "Titled Tuesday Blitz March 22 Early 2022"]
[White "Hnydiuk, Aleksander"]
[Black "Kulkarni, Rakesh"]
[WhiteFideId "1109057"]
[BlackFideId "5037077"]
[WhiteElo "2374"]
[BlackElo "2246"]
[Result "0-1"]
[Round "07"]
[TimeControl "180+1"]
[Date "2022.03.22"]
[WhiteClock "0:00:05"]
[BlackClock "0:00:05"]

1. c4 e5 2. g3 Nc6 3. Bg2 f5 4. Nc3 Nf6 5. e3 d6 6. Nge2 Be6 7. d3 g6 8. b4 Bg7 9. b5 Na5 10. Bd2 O-O 11. Nd5 c6 12. Nxf6+ Bxf6 13. Qa4 cxb5 14. Qxa5 bxc4 15. Bxb7 cxd3 16. Nc1 Rb8 17. Bd5 Qxa5 18. Bxe6+ Kg7 19. Bxa5 e4 20. Nb3 Bxa1 21. Kd2 Bf6 22. Rc1 h5 23. f3 Rb5 24. Rc7+ Kh6 25. Rxa7 Re5 26. Bc4 Rc8 27. Rc7 Rxa5 28. Rxc8 Rxa2+ 29. Kd1 Rxh2 30. fxe4 fxe4 31. Bd5 Rh1+ 32. Kd2 Rh2+ 33. Kd1 Rh1+ 34. Kd2 Rh2+ 35. Ke1 Rh1+ 36. Kf2 Rb1 37. Re8 Rb2+ 38. Kf1 Be5 39. Ke1 Bc3+ 40. Kf1 Be5 41. Ke1 Re2+ 42. Kd1 Rxe3 43. Bxe4 Rxe4 44. Nc1 Rd4 45. Kd2 Rg4 46. Nxd3 Rxg3 47. Nxe5 dxe5 48. Rxe5 Rg5 49. Re6 Rf5 50. Ke2 Kg5 51. Re8 h4 52. Re3 Kg4 53. Re4+ Kg3 54. Re6 g5 55. Re3+ Kg2 0-1


[Site "https://www.chess.com"]

[Event "Titled Tuesday Blitz March 22 Early 2022"]
[White "Hoffmann, Asa"]
[Black "Hua, Lefong"]
[WhiteFideId "2001470"]
[BlackFideId "2602253"]
[WhiteElo "2117"]
[BlackElo "2576"]
[Result "1-0"]
[Round "07"]
[TimeControl "180+1"]
[Date "2022.03.22"]
[WhiteClock "0:00:30"]
[BlackClock "0:00:19"]

1. d4 Nf6 2. Bg5 g6 3. Nc3 d5 4. f3 c5 5. e4 cxd4 6. Qxd4 Bg7 7. exd5 O-O 8. O-O-O Bf5 9. Qh4 Na6 10. g4 Bd7 11. Bh6 Qa5 12. Bxg7 Kxg7 13. a3 Rac8 14. Nge2 Nc5 15. g5 Nh5 16. Qb4 Qxb4 17. axb4 Na6 18. b5 Nc5 19. Rd4 Bf5 20. Ng3 Rfd8 21. Nxf5+ gxf5 22. Bh3 e6 23. Rhd1 e5 24. Rc4 Kg6 25. d6 Nf4 26. Rxf4 exf4 27. Rd5 Kxg5 28. Bxf5 Rb8 29. Bxh7+ Kh6 30. Bf5 Ne6 31. Ne4 Kg7 32. c4 b6 33. h4 Rh8 34. Bxe6 fxe6 35. Re5 Rxh4 36. Rxe6 Rd8 37. b4 Rh3 38. c5 Rxf3 39. c6 Rf2 40. Nxf2 1-0


[Site "https://www.chess.com"]

[Event "Titled Tuesday Blitz March 22 Early 2022"]
[White "Ianov, Viktor"]
[Black "Kashefi, Amir Hosein"]
[WhiteFideId "14102730"]
[BlackFideId "12557935"]
[WhiteElo "2161"]
[BlackElo "2107"]
[Result "1/2-1/2"]
[Round "07"]
[TimeControl "180+1"]
[Date "2022.03.22"]
[WhiteClock "0:01:46"]
[BlackClock "0:01:39"]

1. Nf3 d5 2. g3 c6 3. Bg2 Nf6 4. O-O Bf5 5. d3 e6 6. c4 Nbd7 7. Be3 Bc5 8. Bxc5 Nxc5 9. b4 Ncd7 10. Nbd2 O-O 11. Qb3 a6 12. a4 h6 13. b5 axb5 14. axb5 Qe7 15. bxc6 bxc6 16. Nd4 Qc5 17. Nxf5 exf5 18. cxd5 cxd5 19. Rac1 Qd6 20. Nf3 Rfb8 21. Qc3 Ra2 22. Nd4 g6 23. e3 Rbb2 24. Rc2 Rxc2 25. Nxc2 Qc5 26. Qxc5 Nxc5 27. Nb4 Rb2 28. Nxd5 Nxd5 29. Bxd5 Nxd3 30. Bc4 Ne5 31. Bd5 Rd2 32. Bg2 Kg7 33. h3 h5 34. Bb7 Rb2 35. Bd5 Rd2 36. Bb7 Nd3 37. Ba6 Ne5 38. Kg2 Ra2 39. Bb5 Rb2 40. Ba6 Rb6 41. Be2 Rb2 42. Ba6 Ra2 43. Bb5 Rb2 44. Ba6 1/2-1/2


[Site "https://www.chess.com"]

[Event "Titled Tuesday Blitz March 22 Early 2022"]
[White "Indjic, Aleksandar"]
[Black "Garriga Cazorla, Pere"]
[WhiteFideId "911925"]
[BlackFideId "32011601"]
[WhiteElo "2616"]
[BlackElo "2458"]
[Result "1/2-1/2"]
[Round "07"]
[TimeControl "180+1"]
[Date "2022.03.22"]
[WhiteClock "0:00:04"]
[BlackClock "0:00:04"]

1. e4 c5 2. Nf3 Nc6 3. Bb5 g6 4. O-O Bg7 5. Bxc6 bxc6 6. d3 Nh6 7. h3 d6 8. Re1 e5 9. c3 f5 10. d4 cxd4 11. cxd4 fxe4 12. Rxe4 O-O 13. dxe5 dxe5 14. Qb3+ Nf7 15. Nc3 Bf5 16. Re1 Rb8 17. Qa4 Qe7 18. b3 Rfd8 19. Ba3 Qe6 20. Ne4 Rd5 21. Qxa7 Rbd8 22. Qe3 Rd3 23. Qe2 R3d5 24. Rac1 h6 25. g4 Bxe4 26. Qxe4 Ra8 27. Bb4 Rxa2 28. Nd4 Qf6 29. Nc2 Ng5 30. Qe3 e4 31. Kg2 Rd3 32. Qe2 Nxh3 33. Bd2 Rf3 34. Rf1 Nf4+ 35. Bxf4 Qxf4 36. Rg1 Bd4 37. Qc4+ Kh7 38. Qxd4 Rd3 39. Qc5 Qxg4+ 40. Kf1 Rd1+ 41. Rxd1 Qxd1+ 42. Ne1 Qe2+ 43. Kg2 Qg4+ 44. Kf1 Qe2+ 45. Kg2 Qg4+ 46. Kh2 Qh4+ 47. Kg2 Qg4+ 1/2-1/2


[Site "https://www.chess.com"]

[Event "Titled Tuesday Blitz March 22 Early 2022"]
[White "Iskusnyh, Sergei"]
[Black "Perera Alfonso, Rene Humberto"]
[WhiteFideId "4120027"]
[BlackFideId "3514722"]
[WhiteElo "2492"]
[BlackElo "2313"]
[Result "0-1"]
[Round "07"]
[TimeControl "180+1"]
[Date "2022.03.22"]
[WhiteClock "0:00:02"]
[BlackClock "0:00:41"]

1. d4 d5 2. c4 c6 3. Nf3 Nf6 4. Qb3 dxc4 5. Qxc4 Bg4 6. Nbd2 e6 7. g3 Nbd7 8. Bg2 Be7 9. O-O O-O 10. Qb3 Nb6 11. a4 a5 12. e3 Bb4 13. Ne5 Bf5 14. Ndc4 Nxc4 15. Nxc4 h6 16. Bd2 Qe7 17. Bxb4 Qxb4 18. Qxb4 axb4 19. Rfc1 Ra6 20. Nd6 Ra7 21. Rc4 b3 22. Nxf5 exf5 23. Rb4 Rfa8 24. Bf3 Kf8 25. Kg2 Ke7 26. Rxb3 Kd6 27. Rb4 Kc7 28. b3 Kd6 29. Rc1 g5 30. h3 g4 31. hxg4 fxg4 32. Be2 h5 33. Rc5 Nd5 34. Rbc4 f5 35. Bd3 Rf8 36. Rc1 Ne7 37. Rh1 b6 38. Re5 Rh8 39. Bxf5 Ra5 40. Rxa5 bxa5 41. Bxg4 Rb8 42. Bd1 Nd5 43. Rxh5 Nc3 44. Rh6+ Ke7 45. Bf3 Rxb3 46. Bxc6 Rb2 47. Bf3 Nxa4 48. Ra6 Nb6 49. Rxa5 Nc4 50. Ra7+ Kf6 51. Ra6+ Ke7 52. Kg1 Rb1+ 53. Kg2 Rb2 54. g4 Nxe3+ 55. Kg3 Nf1+ 56. Kf4 Rxf2 57. Ra3 Rd2 0-1


[Site "https://www.chess.com"]

[Event "Titled Tuesday Blitz March 22 Early 2022"]
[White "Ismayil, Malak"]
[Black "Buscar, Michael"]
[WhiteFideId "13412604"]
[BlackFideId "2603616"]
[WhiteElo "1879"]
[BlackElo "2010"]
[Result "0-1"]
[Round "07"]
[TimeControl "180+1"]
[Date "2022.03.22"]
[WhiteClock "0:00:24"]
[BlackClock "0:00:15"]

1. e4 c5 2. Nf3 Nc6 3. Bb5 Nf6 4. d3 Nd4 5. Nxd4 cxd4 6. O-O a6 7. Bc4 g6 8. e5 Ng8 9. Qf3 e6 10. c3 d5 11. exd6 Qxd6 12. Bf4 Qc5 13. cxd4 Qxd4 14. Nc3 Bd6 15. Ne2 Qb6 16. Bxd6 Qxd6 17. Ng3 Qd4 18. Ne4 f5 19. Ng5 e5 20. Nf7 e4 21. Qe2 b5 22. Bb3 Bb7 23. Nxh8 Qxh8 24. dxe4 O-O-O 25. Rac1+ Kb8 26. exf5 gxf5 27. Qe3 Ka8 28. Qb6 Qg7 29. Rc7 Qxg2# 0-1


[Site "https://www.chess.com"]

[Event "Titled Tuesday Blitz March 22 Early 2022"]
[White "Jary, Sergey"]
[Black "Mikhnenko, Alexander"]
[WhiteFideId "14110350"]
[BlackFideId "34143014"]
[WhiteElo "2260"]
[BlackElo "2184"]
[Result "1-0"]
[Round "07"]
[TimeControl "180+1"]
[Date "2022.03.22"]
[WhiteClock "0:01:14"]
[BlackClock "0:00:10"]

1. e4 c5 2. Nf3 e6 3. c4 Nc6 4. Nc3 Nf6 5. d4 cxd4 6. Nxd4 Bb4 7. Nxc6 dxc6 8. Qxd8+ Kxd8 9. Bg5 h6 10. Bf4 Bxc3+ 11. bxc3 Nxe4 12. Bd3 Nxc3 13. Be5 Na4 14. Bxg7 Rg8 15. Bf6+ Kc7 16. O-O b6 17. Be5+ Kb7 18. Bh7 Rg5 19. f4 Rh5 20. Bg8 Bd7 21. Bxf7 Rh4 22. Rad1 Nc5 23. g3 Rg4 24. Kg2 Be8 25. Kf3 Bxf7 26. Kxg4 Rg8+ 27. Kh3 Bh5 28. Rd4 Bg4+ 29. Kg2 Bf5 30. Rfd1 h5 31. h3 a5 32. Rd8 Be4+ 33. Kh2 Rg6 34. Rb8+ Ka7 35. Rdd8 Nd3 36. Rd7+ Ka6 37. Ra8# 1-0


[Site "https://www.chess.com"]

[Event "Titled Tuesday Blitz March 22 Early 2022"]
[White "Jaskolka, Tomasz"]
[Black "Golubka, Petro"]
[WhiteFideId "1170791"]
[BlackFideId "14114224"]
[WhiteElo "2073"]
[BlackElo "2346"]
[Result "0-1"]
[Round "07"]
[TimeControl "180+1"]
[Date "2022.03.22"]
[WhiteClock "0:00:04"]
[BlackClock "0:01:16"]

1. d4 Nf6 2. Bf4 g6 3. Nc3 Bg7 4. e4 d6 5. Qd2 h6 6. h4 c6 7. Nf3 b5 8. a3 a6 9. Bd3 Bg4 10. O-O-O Nbd7 11. Kb1 Nh5 12. Bh2 Bxf3 13. gxf3 Bxd4 14. Bxb5 axb5 15. Qxd4 O-O 16. e5 Nxe5 17. Bxe5 dxe5 18. Qxe5 Qb8 19. Qxe7 Qf4 20. Qe3 Rfe8 21. Qxf4 Nxf4 22. Ne4 Kg7 23. Rd7 Red8 24. Rhd1 Nd5 25. Rb7 Kf8 26. Kc1 b4 27. c4 bxa3 28. bxa3 Nf4 29. Nd6 f5 30. Kb2 Rab8 31. Rxb8 Rxb8+ 32. Kc3 Ke7 33. c5 Nd5+ 34. Kc4 Rb2 35. Re1+ Kd7 36. Nf7 Rc2+ 37. Kd3 Rxf2 38. Ne5+ Kc7 39. Nxg6 Rxf3+ 40. Kd4 Rxa3 41. Ne7 Ra4+ 42. Kd3 Rxh4 43. Nxd5+ cxd5 44. Re5 Kc6 45. Rxf5 Kxc5 46. Rf3 h5 47. Rf5 Rd4+ 48. Kc3 h4 49. Rh5 Rg4 50. Kd2 Kd4 51. Ke2 Ke4 52. Rh8 d4 53. Re8+ Kf4 54. Rf8+ Kg3 55. Rf3+ Kg2 56. Rf2+ Kh3 57. Rf3+ Kh2 58. Rf8 h3 59. Kf3 Rh4 60. Rg8 Rh7 61. Kf2 Rd7 62. Ke2 Ra7 63. Kd3 Rd7 64. Rg6 Kh1 65. Rg5 h2 66. Rg4 Rd8 67. Kd2 Rf8 68. Rxd4 Rf1 69. Rg4 Rg1 70. Rh4 Kg2 71. Rg4+ Kf3 72. Rh4 h1=Q 73. Rh2 0-1


[Site "https://www.chess.com"]